 Dungeon Crawl Stone Soup version 0.20.0-6-gd3061e9 (webtiles) character file.

828 Hasart the Spear-Bearer (level 7, -4/56 HPs)
             Began as a Merfolk Fighter on May 29, 2017.
             Killed by divine providence
             ... invoked by an orc priest
              (17 damage)
             ... on level 4 of the Dungeon.
             The game lasted 00:08:26 (2950 turns).

Hasart the Spear-Bearer (Merfolk Fighter)           Turns: 2950, Time: 00:08:26

Health: -4/56      AC:  7    Str: 17    XL:     7   Next: 97%
Magic:  7/7        EV: 10    Int:  8    God:
Gold:   131        SH:  9    Dex: 14    Spells: 6/6 levels left

rFire    . . .     SeeInvis +   a - +0 trident
rCold    . . .     Gourm    .   c - +0 shield
rNeg     . . .     Faith    .   b - +0 scale mail
rPois    .         Spirit   .   (no helmet)
rElec    .         Reflect  .   (no cloak)
rCorr    .         Harm     .   (no gloves)
MR       .....                  n - +0 pair of boots
Stlth    ..........             (no amulet)
Regen    0.2/turn               m - ring of see invisible
MPRegen  0.1/turn               (no ring)

@: no status effects
A: change form in water, swift swim, stealthy swim
a: no special abilities


You were on level 4 of the Dungeon.
You were not hungry.

You visited 1 branch of the dungeon, and saw 4 of its levels.

You collected 131 gold pieces.

Inventory:

Hand Weapons
 a - a +0 trident (weapon)
 r - a +2 scythe of protection
Armour
 b - a +0 scale mail (worn)
 c - a +0 shield (worn)
 n - a +0 pair of boots (worn)
Jewellery
 m - a ring of see invisible (left hand)
Wands
 y - a wand of iceblast (7/15)
Scrolls
 e - a scroll of amnesia {unknown}
 g - 8 scrolls of identify {unknown}
 h - a scroll of fog {unknown}
 j - 2 scrolls of immolation {unknown}
 o - 2 scrolls of teleportation {unknown}
 p - a scroll of remove curse {unknown}
 q - a scroll of recharging {unknown}
Potions
 s - a potion of cancellation {unknown}
 u - a potion of flight {unknown}
 w - a potion of curing {unknown}
 x - a potion of degeneration {unknown}
Comestibles
 d - 2 chunks of flesh
 f - 3 bread rations
 l - 7 fruits
 t - 3 meat rations
 v - a royal jelly


   Skills:
 + Level 5.4 Fighting
 * Level 8.3 Polearms
 - Level 2.1 Armour
 + Level 4.6 Dodging
 + Level 4.8 Shields


You had 6 spell levels left.
You didn't know any spells.

Dungeon Overview and Level Annotations

Branches:
Dungeon (4/15)
 Temple: D:4-7

Altars:
Ashenzari
Sif Muna
Vehumet

Annotations:
D:2 2 transporters
D:4 Robin


Message History

The jackal is severely wounded.
The hobgoblin shouts!
You block the jackal's attack.
The jackal bites you but does no damage.
The orc hits you but does no damage. You block the quokka's attack.
The goblin hits you with a dagger.
* * * LOW HITPOINT WARNING * * *
The jackal closely misses you.
A goblin comes into view. It is wielding a club.
The goblin shouts!
You hit the jackal but do no damage.
The jackal is severely wounded.
The jackal bites you but does no damage.
You block the quokka's attack. You block the orc's attack.
The jackal bites you but does no damage.
The orc priest miscasts a cantrip.
The goblin hits you but does no damage. The jackal barely misses you.
The orc priest invokes the aid of Beogh against you.
Beogh smites you!
You die...

....... ......... ..#
.........# #.# .....#...#
#.# §§.gg##..## #h#
§..g.gg.og# #.#
§≈...ggog# #.#
#≈≈..ggh@####.###########
#≈...or#h..O............
#≈...(##h.........#####.
#≈.....#.####.###.# #.
#≈.......# #.# #.# #.
#§≈(......# #.# #.# ###.
≈≈§.......## #.# #.# #...
.§§.......# #.# #.# #.#.
...§.##..## #.# #.# #.##


You could see an ogre (wandering), Robin, 2 orc priests, an orc, a quokka, 3
jackals, 2 hobgoblins and 8 goblins.

Vanquished Creatures
  Grinder (D:3)
  Sigmund (D:2)
  Duvessa (D:4)
  An ogre (D:4)
  Dowan (D:4)
  An orc priest (D:3)
  Ijyb (D:3)
  An orc wizard (D:3)
  2 adders
  A worm (D:2)
  2 dart slugs (D:1)
  3 leopard geckos
  5 orcs (D:3)
  2 ball pythons
  8 bats
  6 giant cockroaches
  10 goblins
  5 hobgoblins
  14 jackals
  A quokka (D:2)
  4 frilled lizards (D:1)
  8 kobolds
  7 rats
86 creatures vanquished.

Notes
Turn   | Place    | Note
-------+----------+-------------------------------------------
     0 | D:1      | Hasart the Merfolk Fighter began the quest for the Orb.
     0 | D:1      | Reached XP level 1. HP: 18/18 MP: 1/1
   178 | D:1      | Reached XP level 2. HP: 22/24 MP: 2/2
   533 | D:1      | Reached XP level 3. HP: 30/30 MP: 3/3
   561 | D:1      | Reached skill level 1 in Dodging
   562 | D:1      | Reached skill level 4 in Polearms
   970 | D:2      | Noticed Sigmund
   981 | D:2      | Killed Sigmund
   981 | D:2      | Reached skill level 5 in Polearms
   981 | D:2      | Reached XP level 4. HP: 13/38 MP: 4/4
   981 | D:2      | Reached XP level 5. HP: 14/43 MP: 5/5
  1159 | D:2      | Found a transporter.
  1160 | D:2      | Noticed a phantom
  1164 | D:2      | Found a transporter.
  1166 | D:2      | Found a shattered altar of Ashenzari.
  1243 | D:2      | Reached XP level 6. HP: 45/49 MP: 6/6
  1290 | D:2      | Found a deep blue altar of Sif Muna.
  1315 | D:2      | Found a radiant altar of Vehumet.
  1561 | D:2      | Reached skill level 6 in Polearms
  1803 | D:3      | Noticed Ijyb
  1819 | D:3      | Killed Ijyb
  1969 | D:3      | Noticed Grinder
  1975 | D:3      | Paralysed by Grinder for 7 turns
  1991 | D:3      | Killed Grinder
  1991 | D:3      | Reached skill level 5 in Fighting
  1991 | D:3      | Reached skill level 7 in Polearms
  1991 | D:3      | Reached XP level 7. HP: 11/56 MP: 7/7
  2823 | D:4      | Noticed Duvessa
  2824 | D:4      | Noticed Dowan
  2848 | D:4      | Killed Duvessa
  2851 | D:4      | Killed Dowan
  2851 | D:4      | Reached skill level 8 in Polearms
  2940 | D:4      | Noticed Robin
  2950 | D:4      | Killed from afar by an orc priest

Skill      XL: |  1  2  3  4  5  6  7 |
---------------+----------------------+-----
Dodging        | 2 3 4 |  4.6
Polearms       | 5 7 8 |  8.3
Fighting       | 4 5 |  5.4
Shields        | 4 |  4.8
Armour         | |  2.1

Action                   |  1- 3 |  4- 6 |  7- 9 || total
-------------------------+-------+-------+-------++-------
Melee: Trident           |   138 |   121 |    98 ||   357
  Use: Potion            |     1 |     1 |     3 ||     5
  Eat: Chunk             |       |     4 |     3 ||     7
Armor: Scale mail        |    66 |    45 |    35 ||   146
Dodge: Dodged            |    50 |    42 |    35 ||   127
Block: Shield            |    66 |    71 |    44 ||   181
